 Dungeon Crawl Stone Soup version 0.31-a0-175-g9f7f995f2b (webtiles) character file.

Game seed: 18114793156418941101

1424 qw the Shield-Bearer (level 8, -8/53 HPs)
             Began as a Gargoyle Fighter on June 16, 2023.
             Mangled by a wight
             ... wielding a +5 great sword
              (13 damage)
             ... on level 6 of the Dungeon.
             The game lasted 00:03:06 (5405 turns).

qw the Shield-Bearer (Gargoyle Fighter)             Turns: 5405, Time: 00:03:07

Health: -8/53      AC: 21    Str: 23    XL:     8   Next: 72%
Magic:  0/8        EV:  7    Int:  8    God:
Gold:   116        SH:  9    Dex:  9    Spells: 7/7 levels left

rFire   + . .        Y - +0 war axe
rCold   . . .        s - +0 kite shield
rNeg    + . .        i - +0 chain mail
rPois   inf          (helmet restricted)
rElec   +            o - +0 cloak
rCorr   .            (no gloves)
SInv    .            b - +2 pair of boots {Fly}
Will    .....        l - amulet of guardian spirit Stlth
                     r - ring of protection from fire
HPRegen 0.28/turn    (no ring)
MPRegen 0.11/turn

%: guardian spirit
@: flying
A: sickness immunity, AC +5, negative energy resistance 1, electricity
resistance, torment resistance 1, petrification resistance, horns 1, iridescent
scales 1, sense surroundings 1, robust 1
a: no special abilities


You were on level 6 of the Dungeon.
You visited 2 branches of the dungeon, and saw 7 of its levels.
You also visited: Sewer.

You collected 402 gold pieces.
You spent 286 gold pieces at shops.


Innate Abilities, Weirdness & Mutations

You are immune to sickness and miasma.
Your stone body is resilient. (AC +5)
You are immune to poison.
You resist negative energy. (rN+)
You are resistant to electric shocks. (rElec)
You are resistant to unholy torment.
You are immune to petrification.
You have a pair of small horns on your head.
You are partially covered in iridescent scales. (AC +2)
You passively map a small area around you.
You are robust. (+10% HP)


   Skills:
 - Level 5.2 Fighting
 + Level 7.0 Axes
 - Level 1.4 Throwing
 - Level 3.2 Armour
 - Level 1.0 Dodging
 - Level 7.2 Shields


You had 7 spell levels left.
You didn't know any spells.
Your spell library was empty.

Inventory:

Hand Weapons
 h - a +2 flail of holy wrath
 Y - a +0 war axe (weapon)
Missiles
 u - 4 boomerangs (quivered)
Armour
 b - a +2 pair of boots of flying (worn)
 i - a +0 chain mail (worn)
 o - a +0 cloak (worn)
 s - a +0 kite shield (worn)
Jewellery
 l - an amulet of guardian spirit (around neck)
 r - a ring of protection from fire (left hand)
Scrolls
 j - a scroll of identify
 n - 2 scrolls of teleportation
Potions
 a - a potion of resistance
 c - a potion of magic {unknown}
 d - 3 potions of might
 e - 2 potions of heal wounds
 f - 4 potions of attraction
 g - a potion of haste
 k - 4 potions of curing
 q - a potion of brilliance {unknown}
 t - a potion of mutation

Dungeon Overview and Level Annotations

Branches:
Dungeon (6/15)             Temple (1/1) D:5           Sewer (visited)

Altars:
Cheibriados
Dithmenos
Elyvilon
Hepliaklqana
Kikubaaqudgha
Makhleb
Nemelex Xobeh
Ru
Sif Muna
Trog
Vehumet
Wu Jian
Yredelemnul
Zin

Shops:
D:1 *   D:2 !   D:6 (


Message History

You hit the wight.
You destroy the wight!
You hit the wight but do no damage. You hit the wight.
You block the wight's attack.
The wight hits you with a +5 great sword.
Your Throwing skill increases to level 1!
You barely miss the wight.
The wight is almost destroyed.
You hit the wight. The wight hits you but does no damage.
You block the wight's attack.
A wight comes into view. It is wielding a +2 morningstar.
You barely miss the wight.
The wight is almost destroyed.
You hit the wight but do no damage. You block the wight's attack.
The wight hits you but does no damage. You block the wight's attack.
The wight hits you with a +5 great sword.
You barely miss the wight.
The wight is almost destroyed.
You hit the wight but do no damage. You block the wight's attack. x2
You hit the wight. Your headbutt misses the wight.
The wight is almost destroyed.
You hit the wight. You block the wight's attack.
You closely miss the wight.
The wight is almost destroyed.
You closely miss the wight. You slash the wight!
The wight hits you but does no damage.
The wight hits you with a +5 great sword!
The wight hits you with a +2 morningstar.
You hit the wight but do no damage. Your headbutt misses the wight.
The wight is almost destroyed.
You closely miss the wight. You hit the wight but do no damage.
The wight hits you but does no damage.
The wight hits you with a +2 morningstar.
The wight hits you with a +5 great sword!
You block the wight's attack.
The wight hits you with a +5 great sword!
You die...

#,#.#...#..##...............#
.........###.#.#.#..##.####
....... .. .........##.# , #
............#### .#
.###...#.#......# , ..
............##.# ,*
#.##..###.....# # ,
**#.............#*,* ,
##...z@.#!.....##.#
......zz...........#
.........##.#.###### *,
.........##.#.# ,
.#.#.#..###...# ........#
##### *.#.#.#### , , ..#., .
,,


You could see 3 wights.

Vanquished Creatures
  A steam dragon (D:5)
  2 phantoms (D:5)
  2 kobold brigands (Sewer)
  Blork the orc (D:6)
  2 scorpions
  A gnoll sergeant (D:5)
  A wight (D:6)
  2 orc priests
  2 hounds (D:3)
  Terence (D:2)
  2 orc wizards (D:4)
  2 sleepcaps (D:5)
  Ijyb (D:5)
  Natasha (thrice) (D:4)
  An iguana (D:5)
  Robin (D:4)
  3 gnolls (D:5)
  14 adders
  2 river rats (Sewer)
  A white imp (D:6)
  2 ufetubi
  5 worms
  5 dart slugs
  18 orcs
  6 bats
  5 endoplasms
  2 giant cockroaches
  5 hobgoblins
  6 jackals (D:1)
  2 quokkas
  6 ball pythons
  4 frilled lizards
  19 goblins
  8 kobolds
  8 rats
146 creatures vanquished.

Notes
Turn   | Place    | Note
-------+----------+-------------------------------------------
     0 | D:1      | qw the Gargoyle Fighter began the quest for the Orb.
     0 | D:1      | Reached XP level 1. HP: 14/14 MP: 1/1
     0 | D:1      | 0 ||| qw: Version: 0.2-a-29-g511e9b1
     0 | D:1      | 0 ||| qw: Game counter: 19
     0 | D:1      | 0 ||| qw: Always use a shield: true
     0 | D:1      | 0 ||| qw: God list: Okawaru
     0 | D:1      | 0 ||| qw: Allow faded altars: false
     0 | D:1      | 0 ||| qw: Do Orc after D:15 true
     0 | D:1      | 0 ||| qw: Do second Lair branch before Depths: true
     0 | D:1      | 0 ||| qw: Lair rune preference: random
     0 | D:1      | 0 ||| qw: Plans: Normal, Zot:1-4, Slime:5, God:TSO, Crypt,
                  | Tomb, Abyss, Pan, Hells, Win
     0 | D:1      | 0 ||| PLANNING D:1-11
    62 | D:1      | Found Hyptis's Assorted Antiques.
    67 | D:1      | 67 ||| SHOPLISTING 2 bubbling silvery potions (39 gold,
                  | have 0).
    67 | D:1      | 67 ||| SHOPLISTING 2 scrolls labelled ISAPTI NIOL (44 gold,
                  | have 0).
    67 | D:1      | 67 ||| SHOPLISTING bubbling silvery potion (19 gold, have
                  | 0).
    67 | D:1      | 67 ||| SHOPLISTING fuming golden potion (19 gold, have 0).
    67 | D:1      | 67 ||| SHOPLISTING scroll labelled ATYW RUMONONA (22 gold,
                  | have 0).
    67 | D:1      | 67 ||| SHOPLISTING scroll labelled NOPPUA NISER (22 gold,
                  | have 0).
   161 | D:1      | 161 ||| Stepping ~*~*~tactically~*~*~ (hiding).
   165 | D:1      | Reached XP level 2. HP: 14/19 MP: 2/2
   416 | D:1      | 416 ||| Stepping ~*~*~tactically~*~*~ (hiding).
   632 | D:1      | 632 ||| Stepping ~*~*~tactically~*~*~ (hiding).
   638 | D:1      | Reached skill level 3 in Axes
   742 | D:1      | Reached XP level 3. HP: 23/23 MP: 3/3
  1077 | D:1      | 1077 ||| READING scroll labelled ISAPTI NIOL.
  1081 | D:1      | 1081 ||| READING scroll labelled GIM BEYWNOTYO.
  1082 | D:1      | 1082 ||| READING scroll labelled ULAUV YPYAXY.
  1083 | D:1      | 1083 ||| READING scroll labelled UBRETH WUASOHI.
  1117 | D:2      | Found Noepiaxeele's Distillery.
  1164 | D:2      | 1164 ||| BUYING 2 potions of curing (78 gold).
  1164 | D:2      | Bought 2 potions of curing for 78 gold pieces
  1164 | D:2      | 1164 ||| BUYING potion of attraction (39 gold).
  1164 | D:2      | Bought a potion of attraction for 39 gold pieces
  1164 | D:2      | 1164 ||| SHOPLISTING potion of attraction (39 gold, have
                  | 0).
  1164 | D:2      | 1164 ||| SHOPLISTING potion of heal wounds (65 gold, have
                  | 0).
  1164 | D:2      | 1164 ||| SHOPLISTING potion of lignification (39 gold, have
                  | 0).
  1164 | D:2      | 1164 ||| SHOPLISTING potion of might (52 gold, have 0).
  1194 | D:2      | Noticed Terence
  1206 | D:2      | HP: 5/23 [Terence/+0 mace (4)]
  1206 | D:2      | HP: 2/23 [Terence/+0 mace (3)]
  1208 | D:2      | Killed Terence
  1209 | D:2      | Reached XP level 4. HP: 3/28 MP: 4/4
  1312 | D:2      | 1312 ||| DROPPING +0 whip.
  1466 | D:2      | 1466 ||| Stepping ~*~*~tactically~*~*~ (stealth).
  1467 | D:2      | 1467 ||| Stepping ~*~*~tactically~*~*~ (stealth).
  1556 | D:2      | 1556 ||| Stepping ~*~*~tactically~*~*~ (stealth).
  1779 | D:2      | 1779 ||| UPGRADING to +0 chain mail.
  1789 | D:2      | 1789 ||| DROPPING +0 scale mail.
  1790 | D:2      | 1790 ||| DROPPING scarf of invisibility.
  1791 | D:2      | 1791 ||| UPGRADING to amulet of guardian spirit.
  1796 | D:2      | 1796 ||| READING 2 scrolls labelled ZATYZA KOVYSHRO.
  1824 | D:3      | 1824 ||| PLANNING SEWER
  1858 | D:3      | 1858 ||| Stepping ~*~*~tactically~*~*~ (hiding).
  1865 | D:3      | Reached XP level 5. HP: 32/32 MP: 5/5
  1972 | D:3      | 1972 ||| Stepping ~*~*~tactically~*~*~ (stealth).
  2005 | D:3      | Found a faded altar of an unknown god.
  2009 | D:3      | 2009 ||| Stepping ~*~*~tactically~*~*~ (stealth).
  2129 | D:3      | 2129 ||| Stepping ~*~*~tactically~*~*~ (hiding).
  2268 | D:3      | Found a glowing drain.
  2269 | D:3      | 2269 ||| UPGRADING to +0 cloak.
  2274 | D:3      | 2274 ||| DROPPING amulet of magic regeneration.
  2275 | D:3      | 2275 ||| READING scroll labelled NUONUA TASME.
  2275 | D:3      | Identified a scroll of acquirement
  2275 | D:3      | 2275 ||| ACQUIRING +2 pair of boots of flying
  2275 | D:3      | Acquired a +2 pair of boots of flying
  2276 | D:3      | 2276 ||| READING 3 scrolls of identify.
  2276 | D:3      | 2276 ||| IDENTIFYING murky blue potion
  2277 | D:3      | 2277 ||| READING 2 scrolls of identify.
  2277 | D:3      | 2277 ||| IDENTIFYING fizzy blue potion
  2300 | Sewer    | Entered a sewer
  2353 | Sewer    | 2353 ||| Stepping ~*~*~tactically~*~*~ (water).
  2365 | Sewer    | 2365 ||| Stepping ~*~*~tactically~*~*~ (water).
  2432 | Sewer    | Noticed a kobold brigand
  2433 | Sewer    | 2433 ||| Stepping ~*~*~tactically~*~*~ (hiding).
  2447 | Sewer    | Killed a kobold brigand
  2448 | Sewer    | Reached XP level 6. HP: 39/39 MP: 6/6
  2570 | Sewer    | 2570 ||| Stepping ~*~*~tactically~*~*~ (water).
  2673 | Sewer    | 2673 ||| Stepping ~*~*~tactically~*~*~ (hiding).
  2674 | Sewer    | 2674 ||| Stepping ~*~*~tactically~*~*~ (hiding).
  2714 | Sewer    | 2714 ||| READING scroll labelled JILUPI USOW.
  2815 | Sewer    | 2815 ||| READING scroll labelled YVENTIQ LOEFE.
  2816 | Sewer    | 2816 ||| READING scroll labelled ONOAW BOLOEBU.
  2817 | Sewer    | 2817 ||| DRINKING 2 clear potions.
  2818 | Sewer    | 2818 ||| READING 2 scrolls of identify.
  2818 | Sewer    | 2818 ||| IDENTIFYING dark potion
  2819 | Sewer    | 2819 ||| DROPPING potion of enlightenment.
  2823 | D:3      | 2823 ||| PLANNING D:1-11
  2902 | D:3      | Found a bloodstained altar of Trog.
  2903 | D:3      | Found a burning altar of Makhleb.
  2929 | D:3      | Found an ornate altar of the Wu Jian Council.
  2930 | D:3      | Found a hazy altar of Hepliaklqana.
  3114 | D:3      | 3114 ||| UPGRADING to +2 pair of boots of flying.
  3119 | D:3      | 3119 ||| READING scroll labelled BENYUTY EKLIR.
  3120 | D:3      | 3120 ||| DRINKING 2 fuming pink potions.
  3120 | D:3      | Gained mutation: You sometimes lose your temper in combat.
                  | [potion of mutation]
  3120 | D:3      | Gained mutation: Your body sometimes deteriorates upon
                  | taking damage. [potion of mutation]
  3120 | D:3      | Lost mutation: Your body sometimes deteriorates upon taking
                  | damage. [potion of mutation]
  3121 | D:3      | 3121 ||| DRINKING potion of mutation.
  3121 | D:3      | Lost mutation: You sometimes lose your temper in combat.
                  | [potion of mutation]
  3121 | D:3      | Gained mutation: You are robust. (+10% HP) [potion of
                  | mutation]
  3121 | D:3      | Gained mutation: You have a pair of small horns on your
                  | head. [potion of mutation]
  3121 | D:3      | Gained mutation: You are partially covered in iridescent
                  | scales. (AC +2) [potion of mutation]
  3121 | D:3      | Gained mutation: You passively map a small area around you.
                  | [potion of mutation]
  3149 | D:4      | 3149 ||| STAIRDANCE
  3163 | D:3      | Reached skill level 6 in Axes
  3163 | D:3      | Reached XP level 7. HP: 35/48 MP: 7/7
  3317 | D:4      | Noticed Natasha
  3322 | D:4      | Killed Natasha
  3323 | D:4      | Reached skill level 1 in Dodging
  3328 | D:4      | Found a snail-covered altar of Cheibriados.
  3472 | D:4      | 3472 ||| Stepping ~*~*~tactically~*~*~ (hiding).
  3492 | D:4      | Noticed Robin
  3493 | D:4      | 3493 ||| FLEEEEING.
  3506 | D:4      | Killed Robin
  3634 | D:4      | 3634 ||| Stepping ~*~*~tactically~*~*~ (stealth).
  3643 | D:4      | 3643 ||| Stepping ~*~*~tactically~*~*~ (stealth).
  3647 | D:4      | 3647 ||| Stepping ~*~*~tactically~*~*~ (stealth).
  3653 | D:4      | 3653 ||| Stepping ~*~*~tactically~*~*~ (stealth).
  3654 | D:4      | 3654 ||| Stepping ~*~*~tactically~*~*~ (stealth).
  3656 | D:4      | 3656 ||| Stepping ~*~*~tactically~*~*~ (stealth).
  3705 | D:4      | 3705 ||| DROPPING +0 mace.
  3805 | D:4      | Noticed Natasha
  3806 | D:4      | 3806 ||| Stepping ~*~*~tactically~*~*~ (hiding).
  3811 | D:4      | Killed Natasha
  4097 | D:4      | Noticed Natasha
  4098 | D:4      | 4098 ||| Stepping ~*~*~tactically~*~*~ (stealth).
  4101 | D:4      | Killed Natasha
  4233 | D:4      | 4233 ||| UPGRADING to +0 kite shield.
  4243 | D:4      | 4243 ||| DROPPING +0 buckler.
  4244 | D:4      | 4244 ||| UPGRADING to ring of protection from fire.
  4245 | D:4      | 4245 ||| READING 3 scrolls of identify.
  4245 | D:4      | 4245 ||| IDENTIFYING brown potion
  4246 | D:4      | 4246 ||| READING 2 scrolls of identify.
  4246 | D:4      | 4246 ||| IDENTIFYING fuming golden potion
  4247 | D:4      | 4247 ||| DROPPING potion of degeneration.
  4248 | D:4      | 4248 ||| DROPPING potion of invisibility.
  4284 | D:5      | Entered Level 5 of the Dungeon
  4286 | D:5      | 4286 ||| Stepping ~*~*~tactically~*~*~ (hiding).
  4287 | D:5      | 4287 ||| Stepping ~*~*~tactically~*~*~ (hiding).
  4330 | D:5      | 4330 ||| DROPPING +1 heavy mace.
  4412 | D:5      | Noticed a steam dragon
  4427 | D:5      | Killed a steam dragon
  4428 | D:5      | Reached XP level 8. HP: 45/52 MP: 6/8
  4486 | D:5      | Found a staircase to the Ecumenical Temple.
  4487 | D:5      | 4487 ||| PLANNING TEMPLE
  4487 | D:5      | 4487 ||| DROPPING +3 scale mail.
  4488 | D:5      | 4488 ||| READING scroll labelled ATYW RUMONONA.
  4494 | Temple   | Entered the Ecumenical Temple
  4594 | Temple   | 4594 ||| PLANNING D:1-11
  4665 | D:5      | Reached skill level 6 in Shields
  4724 | D:5      | 4724 ||| Stepping ~*~*~tactically~*~*~ (stealth).
  4765 | D:5      | Noticed Ijyb
  4778 | D:5      | Killed Ijyb
  5063 | D:5      | 5063 ||| Stepping ~*~*~tactically~*~*~ (hiding).
  5255 | D:5      | 5255 ||| READING scroll labelled ZILIGU TAZAR.
  5256 | D:5      | 5256 ||| READING scroll labelled NOPPUA NISER.
  5257 | D:5      | 5257 ||| READING scroll labelled LEKKEBL KICOL.
  5285 | D:6      | 5285 ||| PLANNING OSSUARY
  5286 | D:6      | Found Hoiqoon's Antique Weapon Shop.
  5292 | D:6      | 5292 ||| BUYING glowing flail (169 gold).
  5292 | D:6      | Bought a glowing flail for 169 gold pieces
  5292 | D:6      | 5292 ||| DROPPING +0 flail.
  5297 | D:6      | 5297 ||| Stepping ~*~*~tactically~*~*~ (stealth).
  5298 | D:6      | 5298 ||| Stepping ~*~*~tactically~*~*~ (stealth).
  5301 | D:6      | 5301 ||| Stepping ~*~*~tactically~*~*~ (hiding).
  5318 | D:6      | Noticed Blork the orc
  5319 | D:6      | 5319 ||| Stepping ~*~*~tactically~*~*~ (stealth).
  5320 | D:6      | Found a glowing silver altar of Zin.
  5327 | D:6      | Killed Blork the orc
  5349 | D:6      | 5349 ||| Stepping ~*~*~tactically~*~*~ (stealth).
  5350 | D:6      | 5350 ||| Stepping ~*~*~tactically~*~*~ (stealth).
  5388 | D:6      | 5388 ||| Stepping ~*~*~tactically~*~*~ (stealth).
  5400 | D:6      | Reached skill level 1 in Throwing
  5405 | D:6      | HP: 5/53 [wight/+5 great sword (10)]
  5405 | D:6      | Mangled by a wight

Levels and vault maps discovered:
D:1:      nagdon_arrival_zigzag_paths, layout_loops_ring, serial_shops,
          nicolae_shop_rolling_square
D:2:      layout_rooms, serial_shops, shop_coins, kennysheep_generic_room_5,
          uniq_terence
D:3:      layout_rooms, gammafunk_temple_overflow_statue,
          chequers_temple_overflow_statue_of_worship, portal_sewer_entry_a,
          shapermc_ecumenical_altar_rom_forum, kennysheep_generic_room_6
D:4:      layout_basic, old_standard_altar, uniq_natasha, uniq_robin
D:5:      nicolae_cairo_tiling_very_big, layout_loops_ring,
          minmay_temple_entry_grid, uniq_ijyb
D:6:      layout_basic, mainiacjoe_overflow_alcove_4,
          fedhas_bush_and_centaur_altar, overflow_temple_1_default,
          serial_shops, shop, enter_ossuary_5, uniq_blork_the_orc
Temple:   hellmonk_temple_beads

Skill      XL: |  1  2  3  4  5  6  7  8 |
---------------+-------------------------+-----
Axes           | 2 3 4 5 6 7 |  7.0
Fighting       | 4 5 |  5.2
Dodging        | 1 |  1.0
Shields        | 5 7 |  7.2
Throwing       | 1 |  1.4
Armour         | |  3.2

Action                     |  1- 3 |  4- 6 |  7- 9 || total
---------------------------+-------+-------+-------++-------
  Melee: War axe           |   110 |   223 |   223 ||   556
         Headbutt          |       |     5 |    38 ||    43
  Throw: Boomerang         |       |       |    34 ||    34
    Use: Scroll            |     4 |     9 |     6 ||    19
         Potion            |       |     3 |       ||     3
 Armour: Scale mail        |    50 |    24 |       ||    74
         Chain mail        |       |   110 |   135 ||   245
  Dodge: Dodged            |    48 |    91 |    56 ||   195
  Block: Buckler           |    24 |    38 |    11 ||    73
         Kite shield       |       |       |    65 ||    65

Table legend:
 A = Non-vault XP
 B = Vault XP
 C = Vault XP percentage of total XP
 D = Non-vault monster count
 E = Vault monster count
 F = Vault count percentage of total count
                 A         B        C        D         E       F
            +---------+---------+-------+---------+---------+-------
      Total |    1438 |     597 |  29.3 |     100 |      46 |  31.5
            +---------+---------+-------+---------+---------+-------
        D:1 |      53 |       0 |   0.0 |      29 |       0 |   0.0
        D:2 |      52 |      57 |  52.3 |      12 |       5 |  29.4
        D:3 |     118 |      36 |  23.4 |      15 |       7 |  31.8
        D:4 |     207 |      72 |  25.8 |      11 |      13 |  54.2
        D:5 |     811 |      35 |   4.1 |      18 |       1 |   5.3
        D:6 |     197 |      91 |  31.6 |      15 |       1 |   6.2
      Sewer |       0 |     306 | 100.0 |       0 |      19 | 100.0
            +---------+---------+-------+---------+---------+-------
